 Dungeon Crawl Stone Soup version 0.28-a0-1395-g4f6bc678fa (webtiles) character file.

Game seed: 6597021134710463292

24 lonewolfV2 the Cudgeller (level 2, -3/22 HPs)
             Began as a Demonspawn Gladiator on Jan 4, 2022.
             Slain by Natasha (5 damage)
             ... on level 2 of the Dungeon.
             The game lasted 00:01:38 (1342 turns).

lonewolfV2 the Cudgeller (Demonspawn Gladiator)     Turns: 1342, Time: 00:01:39

Health: -3/22      AC:  4    Str: 14    XL:     2   Next: 79%
Magic:  2/2        EV: 12    Int:  9    God:
Gold:   31         SH:  0    Dex: 14    Spells: 1/1 levels left

rFire   . . .      SeeInvis .   a - +0 flail
rCold   . . .      Faith    .   (no shield)
rNeg    . . .      Spirit   .   b - +0 leather armour
rPois   .          Reflect  .   c - +0 helmet
rElec   .          Harm     .   (no cloak)
rCorr   .          Rampage  .   (no gloves)
Will    .....                   (no boots)
Stlth   +.........              (no amulet)
HPRegen 0.07/turn               (no ring)
MPRegen 0.08/turn               (no ring)

@: no status effects
A: demonic magic 1
a: no special abilities


You were on level 2 of the Dungeon.
You visited 1 branch of the dungeon, and saw 2 of its levels.

You collected 31 gold pieces.

Inventory:

Hand Weapons
 a - a +0 flail (weapon)
Missiles
 d - 3 throwing nets (quivered)
Armour
 b - a +0 leather armour (worn)
 c - a +0 helmet (worn)
Scrolls
 f - a scroll of silence {unknown}
 g - a scroll of identify {unknown}
Potions
 e - 2 potions of haste {unknown}
 h - a potion of heal wounds {unknown}
 i - a potion of curing {unknown}
 j - a potion of degeneration {unknown}


   Skills:
 + Level 2.0 Fighting
 + Level 3.2 Maces & Flails
 + Level 1.8 Throwing
 + Level 0.2 Armour
 + Level 3.1 Dodging


You had one spell level left.
You didn't know any spells.
Your spell library was empty.

Dungeon Overview and Level Annotations

Branches:
Dungeon (2/15)

Altars:

Annotations:
D:2 Natasha


Innate Abilities, Weirdness & Mutations

Spells you cast may paralyse adjacent enemies.


Message History

You closely miss the kobold.
The hobgoblin hits you but does no damage.
The kobold hits you with a +0 short sword.
The hobgoblin hits you.
The kobold hits you with a +0 short sword.
* * * LOW HITPOINT WARNING * * *
You sock the kobold!
You kill the kobold!
The hobgoblin hits you.
* * * LOW HITPOINT WARNING * * *
You sock the hobgoblin!
You kill the hobgoblin!
You start resting.
You start resting.
HP restored.
Things that are here:
a +0 short sword; a kobold skeleton Welcome back, lonewolfV2 the Demonspawn Gladiator.
Press ? for a list of commands and other information.
There's nothing to open nearby.
There's nothing to open nearby.
You see here a +0 spear.
There is a stone staircase leading down here.
You climb downwards.
Natasha hisses angrily.
There is a stone staircase leading up here.
Natasha drinks a potion.
Natasha's spells are empowered!
You hit Natasha but do no damage.
Natasha mumbles some strange words.
You feel disoriented. Natasha claws you.
You closely miss Natasha.
Natasha mumbles some strange words.
You closely miss Natasha.
Natasha stares at you and mumbles some strange words.
The magic dart hits you! The crimson imp closely misses you.
You barely miss Natasha. Natasha claws you!
* * * LOW HITPOINT WARNING * * *
The crimson imp barely misses you. Natasha claws you.
You die...

###
#..
#.#
#.#
#5#
#@#
#h#
#.#
#.#
#.#
#.#
#.#
#.#


You could see Natasha (empowered) and a crimson imp (summoned).

Vanquished Creatures
  A dart slug (D:1)
  A ball python (D:1)
  A bat (D:1)
  An endoplasm (D:1)
  2 giant cockroaches (D:1)
  5 goblins (D:1)
  A hobgoblin (D:1)
  A quokka (D:1)
  5 kobolds (D:1)
  A rat (D:1)
19 creatures vanquished.

Notes
Turn   | Place    | Note
-------+----------+-------------------------------------------
     0 | D:1      | lonewolfV2 the Demonspawn Gladiator began the quest for the
                  | Orb.
     0 | D:1      | Reached XP level 1. HP: 16/16 MP: 1/1
   199 | D:1      | Gained mutation: Spells you cast may paralyse adjacent
                  | enemies. [demonic ancestry]
   199 | D:1      | Reached XP level 2. HP: 9/22 MP: 2/2
   901 | D:1      | Found a faded altar of an unknown god.
  1337 | D:2      | Noticed Natasha
  1341 | D:2      | Noticed a crimson imp
  1342 | D:2      | Slain by Natasha

Illustrated notes

Levels and vault maps discovered:
D:1:      psy_arrival_wood_between_worlds, layout_basic,
          shapermc_ecumenical_altar_ellora, kennysheep_decorative_pillar,
          dk_noncrumbling_4
D:2:      layout_loops_ring, uniq_natasha

Skill      XL: |  1  2 |
---------------+-------+-----
Maces & Flails | 3 |  3.2
Dodging        | 3 |  3.1
Fighting       | |  2.0
Throwing       | |  1.8
Armour         | |  0.2

Action                   || total
-------------------------++-------
Melee: Flail             ||    49
 Stab: Sleeping          ||     1
Armor: Leather armour    ||    10
Dodge: Dodged            ||    34

Table legend: (Time is in decaauts)
 A = Elapsed time spent in this place.
 B = Non-inter-level travel time spent in this place.
 C = Inter-level travel time spent in this place.
 D = Time resting spent in this place.
 E = Time spent auto-exploring this place.
 F = Levels seen in this place.
 G = Mean time per level.
                   A        B        C        D        E       F      G
               +--------+--------+--------+--------+--------+-----+--------+
         Total |   1354 |   1309 |     45 |    266 |    886 |   2 |  677.0 |
       Dungeon |   1354 |   1309 |     45 |    266 |    886 |   2 |  677.0 |
               +--------+--------+--------+--------+--------+-----+--------+

Top non-repeatable levels by time:
     D:1: 1348 daAuts
     D:2: 5 daAuts
